Map: Acid Plant LE

Players

iMTWHITE

  • Race: Terran Terran
  • League: Diamond
  • Spawn Location: 5:00

Woogie - Winner!

  • Race: Zerg Zerg
  • League: Diamond
  • Spawn Location: 11:00

VOD

Have the link to the VOD?

Description

Roaches and Hydras don't give a care about mines.

Time

  • Played on: Sept. 20, 2018, 10:04 p.m.
  • Length: 11:27
Show
View Real Time Build Order
Export as new Build Order

iMTWHITE Terran 

Build Orders: Hellion Opening, Reaper Expand, MMM Bio 

Get SALT Encoding   

  12  0:01  SCV  
  13  0:13  SCV  
  14  0:17  Supply Depot  
  14  0:25  SCV  
  15  0:39  SCV  
  15  0:41  Barracks  
  16  0:46  Refinery  
  16  0:51  SCV  
  17  1:03  SCV  
  18  1:15  SCV  
  19  1:31  Reaper  
  19  1:32  Orbital Command  
  20  1:44  Command Center  
  20  1:53  Supply Depot  
  20  1:57  SCV  
  21  2:04  Marine  
  21  2:07  Factory  
  22  2:10  SCV  
  23  2:15  Refinery  
  23  2:25  Barracks Reactor  
  23  2:27  SCV  
  24  2:40  SCV  
  25  3:00  Starport  
  25  3:05  Orbital Command, SCV  
  26  3:08  Barracks Tech Lab  
  26  3:09  Hellion x2  
  30  3:19  SCV  
  30  3:28  Combat Shield  
  30  3:29  Marine  
  31  3:36  Hellion x2  
  35  3:42  Orbital Command, SCV  
  36  3:55  SCV  
  37  3:57  Hellion x2, Marine, Viking  
  44  4:04  Supply Depot  
  44  4:13  SCV  
  44  4:16  SCV  
  46  4:26  SCV, Marine, Hellion x2  
  52  4:39  Supply Depot, SCV x2  
  54  4:51  SCV  
  54  4:52  Supply Depot  
  54  4:56  Medivac  
  53  5:04  SCV  
  54  5:10  Supply Depot  
  55  5:14  SCV  
  55  5:16  Engineering Bay, SCV  
  56  5:26  Stimpack  
  56  5:30  Barracks  
  56  5:32  Starport Reactor, Barracks  
  56  5:33  Supply Depot  
  56  5:35  Factory Reactor  
  56  5:38  SCV  
  56  5:42  Supply Depot  
  57  5:48  Marine  
  58  5:50  SCV  
  58  5:53  SCV  
  60  6:00  Command Center  
  60  6:05  SCV  
  60  6:06  Marine  
  62  6:12  Medivac  
  62  6:13  SCV  
  62  6:17  Marine  
  62  6:18  Marine  
  67  6:20  SCV, Barracks Reactor  
  68  6:26  SCV  
  68  6:27  Marine  
  68  6:29  Medivac  
  68  6:32  Refinery, SCV  
  73  6:35  Terran Infantry Armor Level 1  
  73  6:36  Marine x2  
  75  6:41  Widow Mine x2  
  75  6:42  SCV  
  80  6:47  Armory  
  80  6:48  SCV  
  80  6:49  Engineering Bay, Marine  
  80  6:50  Refinery  
  80  6:51  Medivac  
  84  6:54  SCV, Marine  
  86  7:11  SCV x2, Marine x4, Medivac  
  86  7:12  Widow Mine x2, Marine  
  99  7:23  Unknown  
  99  7:25  Unknown  
  91  7:33  Marine x5  
  93  7:39  Supply Depot  
  93  7:41  Supply Depot, Terran Infantry Weapons Level 1  
  93  7:44  Widow Mine x2  
  93  7:50  Barracks  
  97  7:54  Supply Depot x2  
  97  7:56  Marine  
  97  7:57  Marine x3  
  101  8:00  SCV x2, Marine, Medivac x2  
  108  8:07  Orbital Command  
  108  8:14  Liberator, Marine  
  108  8:15  Liberator  
  108  8:17  SCV x2  
  108  8:18  Marine x2  
  109  8:30  Marine x2  
  109  8:31  Widow Mine x2  
  109  8:32  Marine  
  122  8:39  Unknown  
  120  8:43  Marine x3  
  120  8:48  Marine  
  122  8:49  Marauder  
  122  8:50  Marine  
  125  8:57  Terran Infantry Armor Level 2  
  125  9:02  Marine x2  
  127  9:12  Marine x4  
  127  9:14  Medivac  
  133  9:27  Marine, Medivac  
  133  9:28  Marine  
  133  9:29  SCV x2  
  133  9:30  Marine  
  133  9:31  Widow Mine  
  133  9:42  Marine x2  
  133  9:44  Widow Mine, Marine  
  133  9:45  Marine x2  
  131  9:47  Marine  
  133  10:02  Marine x2  
  133  10:03  Marine x3  
  133  10:04  Medivac  
  133  10:05  Refinery, Command Center, Marine, Medivac  
  113  10:19  Marine  
  113  10:20  Widow Mine x2, Marine x2  
  113  10:21  Marine x2  
  118  10:23  Marine  
  114  10:31  SCV, Barracks  
  114  10:32  Barracks  
  114  10:34  Medivac  
  114  10:35  SCV  
  118  10:37  Marine  
  118  10:38  Marine x3  
  118  10:39  Marine  
  118  10:41  Marine  
  110  10:49  Widow Mine x2  
  109  10:51  Command Center  
  109  10:55  Marine  
  109  10:56  Marine x3  
  103  10:58  Marine  
  103  10:59  Marine  
Show
View Real Time Build Order
Export as new Build Order

Woogie Zerg - Winner!

Build Orders: Pool First 

Get SALT Encoding   

  12  0:02  Drone  
  13  0:08  Drone  
  14  0:25  Spawning Pool  
  13  0:32  Overlord  
  13  0:37  Drone  
  14  0:44  Extractor  
  14  0:45  Drone  
  14  0:51  Drone  
  14  0:56  Drone  
  16  1:05  Drone  
  17  1:11  Queen  
  17  1:16  Drone  
  20  1:26  Drone  
  21  1:39  Hatchery  
  20  1:46  Metabolic Boost  
  20  1:53  Overlord  
  20  2:05  Queen  
  22  2:12  Zergling x6  
  25  2:23  Zergling x6  
  28  2:59  Drone x4  
  32  3:10  Drone x2  
  32  3:12  Drone  
  35  3:26  Drone  
  36  3:29  Overlord  
  36  3:42  Hatchery  
  36  3:46  Overlord  
  35  3:49  Queen x2  
  35  3:50  Drone x5  
  35  3:53  Extractor  
  35  3:55  Extractor  
  41  4:13  Overlord, Drone x2  
  41  4:14  Drone x2  
  45  4:17  Evolution Chamber  
  45  4:20  Evolution Chamber  
  43  4:26  Lair  
  43  4:36  Drone x5  
  43  4:37  Drone  
  49  4:46  Queen  
  50  4:53  Roach Warren  
  50  4:58  Zergling x8  
  49  5:21  Queen  
  49  5:24  Zerg Missile Weapons Level 1, Zerg Ground Armor Level 1  
  51  5:30  Hydralisk Den, Extractor, Drone x3  
  51  5:33  Drone x3  
  51  5:35  Drone x2  
  57  5:47  Overseer  
  57  5:51  Glial Reconstitution  
  57  5:54  Drone x3  
  57  5:55  Roach x2  
  64  6:09  Overlord x3  
  64  6:10  Overlord  
  64  6:13  Grooved Spines  
  64  6:17  Drone x2  
  66  6:28  Roach  
  66  6:29  Roach x4  
  76  6:48  Hydralisk x6  
  76  6:52  Drone x2  
  76  6:53  Drone  
  87  7:02  Pneumatized Carapace  
  87  7:03  Drone x3  
  87  7:04  Drone x2  
  92  7:13  Roach x2  
  92  7:14  Roach  
  92  7:15  Overlord  
  96  7:41  Drone x3  
  96  7:42  Overlord, Drone x5  
  96  7:43  Overlord x3  
  104  7:50  Muscular Augments  
  104  7:56  Hatchery  
  103  7:58  Drone  
  103  7:59  Drone x2  
  103  8:02  Extractor  
  103  8:04  Extractor  
  104  8:13  Zerg Missile Weapons Level 2  
  104  8:14  Zerg Ground Armor Level 2, Hydralisk Den  
  104  8:17  Roach x6  
  115  8:43  Hydralisk  
  115  8:44  Hydralisk x10  
  137  9:00  Overlord x3  
  137  9:01  Overlord x3  
  137  9:07  Lurker Den  
  122  9:47  Roach x4  
  122  9:48  Roach x5  
  122  9:49  Hydralisk  
  122  9:50  Hydralisk x9  
  131  10:16  Spore Crawler x2  
  128  10:24  Drone x5  
  128  10:25  Drone  
  134  10:28  Drone  
  134  10:29  Drone x3  
  138  10:40  Infestation Pit  
Tags
 
Add a new tag
Caveats
  • Supply blocks, unpowered buildings, or Contaminate may cause inaccurate times.
  • Supply counts are checked every 10 seconds.